SNL (28 & UNDER)
WEST VIRGINIA POWER @ BEAUMONT ROUGHNECKS
08/06/2030
 
TOP OF THE 1ST
West Virginia Power batting - Pitching for Beaumont Roughnecks : RHP George Floyd
Pitching: RHP George Floyd
Batting: RHB Matt Tucker 0-0: SOLO HOME RUN (Flyball, 9LD), Distance : 368 ft
Batting: LHB Ángel Figueiedo 0-0: SINGLE (Groundball, 4MD)
Batting: RHB Joe Salas 0-0: Foul Ball, location: 2F
0-1: Ball
1-1: Foul Ball, location: 2F
1-2: Foul Ball, location: 2F
1-2: Foul Ball, location: 2F
1-2: Strikes out swinging
Batting: RHB Luis Montoya 0-0: Ball
1-0: Fly out, F2 (Popup, 2LF)
Batting: RHB Millard Walker 0-0: Ball
1-0: Ball
2-0: Swinging Strike
2-1: Foul Ball, location: 2F
2-2: Ball
3-2: Fly out, F9 (Flyball, 89M)
Top of the 1st over - 1 run, 2 hits, 0 errors, 1 left on base; West Virginia 1 - Beaumont 0
BOTTOM OF THE 1ST
Beaumont Roughnecks batting - Pitching for West Virginia Power : RHP Carlos Moreno
Pitching: RHP Carlos Moreno
Batting: RHB Jeff Vickers 0-0: Ball
1-0: Called Strike
1-1: Foul Ball, location: 2F
1-2: Foul Ball, location: 2F
1-2: SOLO HOME RUN (Flyball, 78XD), Distance : 428 ft
Batting: RHB Cole Boehmer 0-0: Called Strike
0-1: Foul Ball, location: 2F
0-2: Ball
1-2: Ball
2-2: Ball
3-2: Base on Balls
Batting: LHB Corey MacGregor 0-0: Ball
1-0: SINGLE (Groundball, 34D)
Cole Boehmer to second
Runner from 2nd tries for 3rd, OUT!
Batting: SHB Miguel González 0-0: Ball
1-0: Called Strike
1-1: Swinging Strike
1-2: Fly out, F8 (Line Drive, 8RD)
Batting: RHB Jim MacAchounich 0-0: Foul Ball, location: 2F
0-1: Ball
1-1: Fly out, F8 (Flyball, 8LM)
Bottom of the 1st over - 1 run, 2 hits, 0 errors, 1 left on base; West Virginia 1 - Beaumont 1
TOP OF THE 2ND
West Virginia Power batting - Pitching for Beaumont Roughnecks : RHP George Floyd
Batting: LHB Wilson Turner 0-0: Ball
1-0: Foul Ball, location: 2F
1-1: SINGLE (Groundball, 56D)
Batting: RHB Luis Árias 0-0: Ball
1-0: Swinging Strike
1-1: Swinging Strike
1-2: SINGLE (Line Drive, 3D)
Wilson Turner to second
Runner from 2nd tries for 3rd, SAFE, no throw
Batting: RHB Vaughan Shelton 0-0: Ball
1-0: Called Strike
1-1: Grounds into double play, 5-4-3 (Groundball, 5L)
Wilson Turner scores
Batting: RHB Roberto Chávez 0-0: Foul Ball, location: 2F
0-1: Ground out 4-3 (Groundball, 4)
Top of the 2nd over - 1 run, 2 hits, 0 errors, 0 left on base; West Virginia 2 - Beaumont 1
BOTTOM OF THE 2ND
Beaumont Roughnecks batting - Pitching for West Virginia Power : RHP Carlos Moreno
Batting: LHB John Fitzgerald 0-0: Swinging Strike
0-1: SINGLE (Groundball, 34D)
Batting: SHB Walton Locke 0-0: Called Strike
John Fitzgerald is caught stealing 2nd base
0-1: Called Strike
0-2: Foul Ball, location: 2F
0-2: Ball
1-2: Fly out, F6 (Popup, 6)
Batting: SHB Miguel Hurtado 0-0: Ball
1-0: Called Strike
1-1: Called Strike
1-2: Strikes out looking
Bottom of the 2nd over - 0 runs, 1 hit, 0 errors, 0 left on base; West Virginia 2 - Beaumont 1
TOP OF THE 3RD
West Virginia Power batting - Pitching for Beaumont Roughnecks : RHP George Floyd
Batting: RHB Matt Tucker 0-0: Ground out 4-3 (Groundball, 4M)
Batting: LHB Ángel Figueiedo 0-0: Ball
1-0: Ball
2-0: Ball
3-0: Base on Balls
Batting: RHB Joe Salas 0-0: Called Strike
0-1: Ball
1-1: Fly out, F7 (Line Drive, 7)
Batting: RHB Luis Montoya 0-0: Swinging Strike
0-1: Foul Ball, location: 2F
0-2: Strikes out swinging
Top of the 3rd over - 0 runs, 0 hits, 0 errors, 1 left on base; West Virginia 2 - Beaumont 1
BOTTOM OF THE 3RD
Beaumont Roughnecks batting - Pitching for West Virginia Power : RHP Carlos Moreno
Batting: LHB Roberto Félix 0-0: Ball
1-0: Ball
2-0: Called Strike
2-1: Fly out, F7 (Flyball, 7LM)
Pitching: RHP Tomás Hurtado
Batting: RHB Jeff Vickers 0-0: Called Strike
0-1: Foul Ball, location: 2F
0-2: Foul Ball, location: 2F
0-2: Ball
1-2: Strikes out swinging
Batting: RHB Cole Boehmer 0-0: Called Strike
0-1: Ball
1-1: Foul Ball, location: 2F
1-2: Ball
2-2: Strikes out swinging
Bottom of the 3rd over - 0 runs, 0 hits, 0 errors, 0 left on base; West Virginia 2 - Beaumont 1
TOP OF THE 4TH
West Virginia Power batting - Pitching for Beaumont Roughnecks : RHP George Floyd
Batting: RHB Millard Walker 0-0: Called Strike
0-1: Foul Ball, location: 2F
0-2: Strikes out swinging
Batting: LHB Wilson Turner 0-0: Ball
1-0: Ball
2-0: Ball
3-0: Called Strike
3-1: SOLO HOME RUN (Flyball, 7D), Distance : 413 ft
Batting: RHB Luis Árias 0-0: Ball
1-0: Foul Ball, location: 2F
1-1: SINGLE (Line Drive, 8LS)
Batting: RHB Vaughan Shelton 0-0: Ball
1-0: Swinging Strike
1-1: Grounds into double play, 6-4-3 (Groundball, 6)
Top of the 4th over - 1 run, 2 hits, 0 errors, 0 left on base; West Virginia 3 - Beaumont 1
BOTTOM OF THE 4TH
Beaumont Roughnecks batting - Pitching for West Virginia Power : RHP Tomás Hurtado
Batting: LHB Corey MacGregor 0-0: Ball
1-0: Ball
2-0: Foul Ball, location: 2F
2-1: Ball
3-1: Base on Balls
Batting: SHB Miguel González 0-0: Foul Ball, location: 2F
0-1: Called Strike
0-2: Strikes out looking
Batting: RHB Jim MacAchounich 0-0: Ball
1-0: Swinging Strike
1-1: Ball
2-1: Foul Ball, location: 2F
2-2: Ball
3-2: Fly out, F9 (Flyball, 9)
Batting: LHB John Fitzgerald 0-0: Called Strike
Corey MacGregor steals 2nd base
0-1: Called Strike
0-2: Foul Ball, location: 2F
0-2: Strikes out swinging
Bottom of the 4th over - 0 runs, 0 hits, 0 errors, 1 left on base; West Virginia 3 - Beaumont 1
TOP OF THE 5TH
West Virginia Power batting - Pitching for Beaumont Roughnecks : RHP George Floyd
Batting: RHB Roberto Chávez 0-0: Ball
1-0: Called Strike
1-1: Swinging Strike
1-2: Ball
2-2: Strikes out swinging
Batting: RHB Matt Tucker 0-0: Called Strike
0-1: Foul Ball, location: 2F
0-2: Foul Ball, location: 2F
0-2: Ball
1-2: Ball
2-2: Foul Ball, location: 2F
2-2: Foul Ball, location: 2F
2-2: Strikes out swinging
Batting: LHB Ángel Figueiedo 0-0: Ball
1-0: Ball
2-0: Ball
3-0: Called Strike
3-1: Foul Ball, location: 2F
3-2: Base on Balls
Batting: RHB Joe Salas 0-0: Ball
1-0: Called Strike
Ángel Figueiedo is caught stealing 2nd base
Top of the 5th over - 0 runs, 0 hits, 0 errors, 0 left on base; West Virginia 3 - Beaumont 1
BOTTOM OF THE 5TH
Beaumont Roughnecks batting - Pitching for West Virginia Power : RHP Tomás Hurtado
Batting: SHB Walton Locke 0-0: Ball
1-0: Ball
2-0: Ball
3-0: Called Strike
3-1: Base on Balls
Batting: SHB Miguel Hurtado 0-0: Called Strike
0-1: Foul Ball, location: 2F
0-2: Foul Ball, location: 2F
0-2: Foul Ball, location: 2F
0-2: Ball
1-2: Strikes out swinging
Batting: LHB Roberto Félix 0-0: Ball
1-0: Ground out 6-3 (Groundball, 6S)
Walton Locke to second
Batting: RHB Jeff Vickers 0-0: Ball
1-0: Called Strike
1-1: Ball
2-1: Called Strike
2-2: Foul Ball, location: 2F
2-2: Strikes out swinging
Bottom of the 5th over - 0 runs, 0 hits, 0 errors, 1 left on base; West Virginia 3 - Beaumont 1
TOP OF THE 6TH
West Virginia Power batting - Pitching for Beaumont Roughnecks : RHP George Floyd
Batting: RHB Joe Salas 0-0: Foul Ball, location: 2F
0-1: Foul Ball, location: 2F
0-2: Ball
1-2: Strikes out looking
Batting: RHB Luis Montoya 0-0: Foul Ball, location: 2F
0-1: Called Strike
0-2: Foul Ball, location: 2F
0-2: Strikes out swinging
Batting: RHB Millard Walker 0-0: Called Strike
0-1: Ball
1-1: Called Strike
1-2: Foul Ball, location: 2F
1-2: Ball
2-2: Ball
3-2: DOUBLE (Line Drive, 8LXD)
Batting: LHB Wilson Turner 0-0: SINGLE (Flyball, 78M)
Millard Walker to third
Runner from 3rd tries for Home, SAFE, no throw
Pitching: RHP James Edwards
Batting: RHB Luis Árias 0-0: Foul Ball, location: 2F
0-1: Ball
1-1: Called Strike
1-2: Strikes out swinging
Top of the 6th over - 1 run, 2 hits, 0 errors, 1 left on base; West Virginia 4 - Beaumont 1
BOTTOM OF THE 6TH
Beaumont Roughnecks batting - Pitching for West Virginia Power : RHP Tomás Hurtado
Batting: RHB Cole Boehmer 0-0: Ball
1-0: Foul Ball, location: 2F
1-1: Ball
2-1: Foul Ball, location: 2F
2-2: DOUBLE (Flyball, 8RXD)
Batting: LHB Corey MacGregor 0-0: Reached on error, E1 (Groundball, 13)
Cole Boehmer to third
Batting: SHB Miguel González 0-0: Called Strike
0-1: Called Strike
0-2: Ball
1-2: Ball
2-2: Foul Ball, location: 2F
2-2: Grounds into double play, 4-6-3 (Groundball, 4)
Cole Boehmer scores
Batting: RHB Jim MacAchounich 0-0: Called Strike
0-1: Ball
1-1: Foul Ball, location: 2F
1-2: Ball
2-2: Ball
3-2: Fly out, F4 (Line Drive, 4)
Bottom of the 6th over - 1 run, 1 hit, 1 error, 0 left on base; West Virginia 4 - Beaumont 2
TOP OF THE 7TH
West Virginia Power batting - Pitching for Beaumont Roughnecks : RHP James Edwards
Batting: RHB Vaughan Shelton 0-0: Ball
1-0: Called Strike
1-1: Ball
2-1: Ground out 1-3 (Groundball, 13S)
Batting: RHB Roberto Chávez 0-0: Called Strike
0-1: Swinging Strike
0-2: Strikes out swinging
Batting: RHB Matt Tucker 0-0: Ball
1-0: Swinging Strike
1-1: Foul Ball, location: 2F
1-2: Ball
2-2: SINGLE (Groundball, 4D)
Batting: LHB Ángel Figueiedo 0-0: Swinging Strike
Pickoff Throw to First - Error! E1
Matt Tucker to second
0-1: Ball
1-1: Called Strike
Matt Tucker steals 3rd base
1-2: Strikes out swinging
Top of the 7th over - 0 runs, 1 hit, 1 error, 1 left on base; West Virginia 4 - Beaumont 2
BOTTOM OF THE 7TH
Beaumont Roughnecks batting - Pitching for West Virginia Power : RHP Tomás Hurtado
Pitching: RHP Lou Hawkins
Batting: LHB John Fitzgerald 0-0: Foul Ball, location: 2F
0-1: Swinging Strike
0-2: Ball
1-2: Foul Ball, location: 2F
1-2: Ball
2-2: Ball
3-2: Strikes out swinging
Batting: SHB Walton Locke 0-0: Ball
1-0: Called Strike
1-1: SINGLE (Groundball, 56D)
Batting: SHB Miguel Hurtado 0-0: Ball
1-0: Fly out, F7 (Flyball, 78M)
Batting: LHB Roberto Félix 0-0: Ball
1-0: Ball
2-0: SINGLE (Flyball, 9S)
Walton Locke to second
Runner from 2nd tries for 3rd, SAFE, no throw
Batting: RHB Jeff Vickers 0-0: Ball
1-0: Ball
2-0: SINGLE (Line Drive, 3D)
Walton Locke scores
Roberto Félix to second
Runner from 2nd tries for 3rd, SAFE, no throw
Batting: RHB Cole Boehmer 0-0: Called Strike
0-1: Swinging Strike
0-2: Strikes out swinging
Bottom of the 7th over - 1 run, 3 hits, 0 errors, 2 left on base; West Virginia 4 - Beaumont 3
TOP OF THE 8TH
West Virginia Power batting - Pitching for Beaumont Roughnecks : RHP James Edwards
Batting: RHB Joe Salas 0-0: Foul Ball, location: 2F
0-1: Ball
1-1: SINGLE (Line Drive, 78S)
Batting: RHB Luis Montoya 0-0: Called Strike
0-1: Swinging Strike
0-2: Ball
1-2: Fly out, F3 (Popup, 23F)
Batting: RHB Millard Walker 0-0: Called Strike
0-1: Ball
1-1: Called Strike
1-2: Foul Ball, location: 2F
1-2: Fly out, F8 (Flyball, 8RD)
Batting: LHB Wilson Turner 0-0: Ball
1-0: Swinging Strike
1-1: Foul Ball, location: 2F
1-2: Ball
2-2: Foul Ball, location: 2F
2-2: Ball
3-2: Base on Balls
Joe Salas to second
Batting: RHB Luis Árias 0-0: Swinging Strike
0-1: Ball
1-1: Foul Ball, location: 2F
1-2: Strikes out looking
Top of the 8th over - 0 runs, 1 hit, 0 errors, 2 left on base; West Virginia 4 - Beaumont 3
BOTTOM OF THE 8TH
Beaumont Roughnecks batting - Pitching for West Virginia Power : RHP Lou Hawkins
Batting: LHB Corey MacGregor 0-0: Foul Ball, location: 2F
0-1: Ball
1-1: Foul Ball, location: 2F
1-2: Ball
2-2: Fly out, F7 (Flyball, 7)
Batting: SHB Miguel González 0-0: Ball
1-0: Foul Ball, location: 2F
1-1: Ball
2-1: SINGLE (Flyball, 7S)
Pitching: RHP Mark Osborne
Batting: RHB Jim MacAchounich 0-0: SINGLE (Groundball, 34D)
Miguel González to second
Batting: LHB John Fitzgerald 0-0: Ball
1-0: Foul Ball, location: 2F
1-1: SINGLE (Groundball, 4MD)
Miguel González to third
Jim MacAchounich to second
Batting: SHB Walton Locke 0-0: Called Strike
0-1: Swinging Strike
0-2: Strikes out looking
Batting: SHB Miguel Hurtado 0-0: Called Strike
0-1: Ground out 4-3 (Groundball, 4)
Bottom of the 8th over - 0 runs, 3 hits, 0 errors, 3 left on base; West Virginia 4 - Beaumont 3
TOP OF THE 9TH
West Virginia Power batting - Pitching for Beaumont Roughnecks : RHP James Edwards
Batting: RHB Vaughan Shelton 0-0: Ball
1-0: Ball
2-0: Ball
3-0: Base on Balls
Pinch Hitting: RHB Rafael Ortíz 0-0: Called Strike
0-1: Sac Bunt - play at first, batter OUT! 1-4
Vaughan Shelton to second
Batting: RHB Matt Tucker 0-0: Ball
Vaughan Shelton steals 3rd base
1-0: SINGLE (Groundball, 6D)
Vaughan Shelton scores
Batting: LHB Ángel Figueiedo 0-0: Fly out, F9 (Flyball, 9LSF)
Batting: RHB Joe Salas 0-0: Called Strike
0-1: Ball
1-1: Called Strike
1-2: Fly out, F7 (Flyball, 7S)
Top of the 9th over - 1 run, 1 hit, 0 errors, 1 left on base; West Virginia 5 - Beaumont 3
BOTTOM OF THE 9TH
Beaumont Roughnecks batting - Pitching for West Virginia Power : RHP Mark Osborne
Now at C: Emory Brooks
Batting: LHB Roberto Félix 0-0: Foul Ball, location: 2F
0-1: Ball
1-1: Ball
2-1: Ground out 6-3 (Groundball, 6)
Batting: RHB Jeff Vickers 0-0: Called Strike
0-1: SINGLE (Groundball, 6MD)
Batting: RHB Cole Boehmer 0-0: Ball
1-0: Ball
2-0: Called Strike
2-1: SINGLE (Flyball, 78S)
Jeff Vickers to second
Batting: LHB Corey MacGregor 0-0: Ball
1-0: Ball
2-0: Foul Ball, location: 2F
2-1: Called Strike
2-2: Strikes out swinging
Batting: SHB Miguel González 0-0: Ball
1-0: Called Strike
1-1: DOUBLE (Flyball, 78D)
Jeff Vickers scores
Cole Boehmer to third
Runner from 3rd tries for Home, SAFE, throw made at trailing runner, OUT at third!
Bottom of the 9th over - 2 runs, 3 hits, 0 errors, 0 left on base; West Virginia 5 - Beaumont 5
TOP OF THE 10TH
West Virginia Power batting - Pitching for Beaumont Roughnecks : RHP James Edwards
Batting: RHB Luis Montoya 0-0: Fly out, F5 (Line Drive, 5L)
Batting: RHB Millard Walker 0-0: Called Strike
0-1: Swinging Strike
0-2: Ball
1-2: Foul Ball, location: 2F
1-2: Foul Ball, location: 2F
1-2: Ball
2-2: Strikes out swinging
Batting: LHB Wilson Turner 0-0: Called Strike
0-1: Called Strike
0-2: Strikes out swinging
Top of the 10th over - 0 runs, 0 hits, 0 errors, 0 left on base; West Virginia 5 - Beaumont 5
BOTTOM OF THE 10TH
Beaumont Roughnecks batting - Pitching for West Virginia Power : RHP Mark Osborne
Batting: RHB Jim MacAchounich 0-0: Called Strike
0-1: Ball
1-1: Ball
2-1: Foul Ball, location: 2F
2-2: Ground out 6-3 (Groundball, 6)
Batting: LHB John Fitzgerald 0-0: Ball
1-0: Ball
2-0: SINGLE (Line Drive, 9LS)
Batting: SHB Walton Locke 0-0: Ball
1-0: Ball
2-0: Called Strike
2-1: Foul Ball, location: 2F
2-2: Foul Ball, location: 2F
2-2: Ball
3-2: Fly out, F1 (Line Drive, 13S)
Batting: SHB Miguel Hurtado 0-0: Called Strike
0-1: Swinging Strike
0-2: Strikes out looking
Bottom of the 10th over - 0 runs, 1 hit, 0 errors, 1 left on base; West Virginia 5 - Beaumont 5
TOP OF THE 11TH
West Virginia Power batting - Pitching for Beaumont Roughnecks : RHP James Edwards
Pitching: RHP Manny Alaniz
Batting: RHB Luis Árias 0-0: Fly out, F7 (Flyball, 78S)
Pinch Hitting: SHB Patrizio Batistuta 0-0: SINGLE (Flyball, 8RS)
Pinch Runner at 1st José Maldonado:
Batting: RHB Emory Brooks 0-0: Called Strike
José Maldonado steals 2nd base
0-1: Ball
José Maldonado steals 3rd base
1-1: Fly out, F7 (Flyball, 7LS)
Runner from 3rd tags up, SCORES, no throw
Batting: RHB Matt Tucker 0-0: Ball
1-0: Ground out 6-3 (Groundball, 6S)
Top of the 11th over - 1 run, 1 hit, 0 errors, 0 left on base; West Virginia 6 - Beaumont 5
BOTTOM OF THE 11TH
Beaumont Roughnecks batting - Pitching for West Virginia Power : RHP Mark Osborne
Now at 2B: José Maldonado
Batting: LHB Roberto Félix 0-0: SINGLE (Groundball, 4D)
Batting: RHB Jeff Vickers 0-0: Ball
1-0: Ball
2-0: Swinging Strike
2-1: Swinging Strike
2-2: SINGLE (Line Drive, 6D)
Roberto Félix to second
Batting: RHB Cole Boehmer 0-0: Ball
1-0: Foul Ball, location: 2F
1-1: Foul Ball, location: 2F
1-2: Strikes out swinging
Batting: LHB Corey MacGregor 0-0: Ball
1-0: Ball
2-0: Ball
3-0: Called Strike
3-1: Base on Balls
Roberto Félix to third
Jeff Vickers to second
Pitching: RHP Albert Scott
Batting: SHB Miguel González 0-0: Ball
1-0: Ball
2-0: Ball
3-0: Base on Balls
Roberto Félix scores
Jeff Vickers to third
Corey MacGregor to second
Batting: RHB Jim MacAchounich 0-0: Called Strike
0-1: Ball
1-1: Ball
2-1: Swinging Strike
2-2: Foul Ball, location: 2F
2-2: Ball
3-2: Grounds into fielders choice 4-2 (Groundball, 4)
Corey MacGregor to third
Miguel González to second
Batting: LHB John Fitzgerald 0-0: Ball
1-0: Swinging Strike
1-1: Ball
2-1: Foul Ball, location: 2F
2-2: Ball
3-2: Strikes out swinging
Bottom of the 11th over - 1 run, 2 hits, 0 errors, 3 left on base; West Virginia 6 - Beaumont 6
TOP OF THE 12TH
West Virginia Power batting - Pitching for Beaumont Roughnecks : RHP Manny Alaniz
Batting: LHB Ángel Figueiedo 0-0: Foul Ball, location: 2F
0-1: Ball
1-1: Ground out U3 (Groundball, 3)
Batting: RHB Joe Salas 0-0: Called Strike
0-1: Ball
1-1: Called Strike
1-2: Ball
2-2: Strikes out looking
Batting: RHB Luis Montoya 0-0: SINGLE (Groundball, 56D)
Batting: RHB Millard Walker 0-0: Ball
1-0: Ball
2-0: Ball
3-0: Called Strike
3-1: Base on Balls
Luis Montoya to second
Batting: LHB Wilson Turner 0-0: Ball
1-0: Swinging Strike
1-1: Ball
2-1: Ball
3-1: Ground out 6-3 (Groundball, 6)
Top of the 12th over - 0 runs, 1 hit, 0 errors, 2 left on base; West Virginia 6 - Beaumont 6
BOTTOM OF THE 12TH
Beaumont Roughnecks batting - Pitching for West Virginia Power : RHP Albert Scott
Batting: SHB Walton Locke 0-0: Ball
1-0: Swinging Strike
1-1: Fly out, F6 (Line Drive, 6)
Batting: SHB Miguel Hurtado 0-0: Ball
1-0: Swinging Strike
1-1: Ground out 5-3 (Groundball, 56)
Batting: LHB Roberto Félix 0-0: Ball
1-0: Ball
2-0: Called Strike
2-1: Called Strike
2-2: Fly out, F5 (Popup, 5S)
Bottom of the 12th over - 0 runs, 0 hits, 0 errors, 0 left on base; West Virginia 6 - Beaumont 6
TOP OF THE 13TH
West Virginia Power batting - Pitching for Beaumont Roughnecks : RHP Manny Alaniz
Pitching: RHP Carlos Longoria
Batting: RHB Luis Árias 0-0: Foul Ball, location: 2F
0-1: Ball
1-1: Swinging Strike
1-2: Ball
2-2: Strikes out swinging
Pinch Hitting: RHB Ira Ross 0-0: Foul Ball, location: 2F
0-1: Swinging Strike
0-2: Strikes out swinging
Batting: RHB Emory Brooks 0-0: Called Strike
0-1: Foul Ball, location: 2F
0-2: Foul Ball, location: 2F
0-2: Ball
1-2: DOUBLE (Groundball, 5L)
Batting: RHB Matt Tucker 0-0: Ball
1-0: Ball
2-0: Called Strike
2-1: Ball
Wild Pitch!
Emory Brooks to third
3-1: Base on Balls
Batting: LHB Ángel Figueiedo 0-0: Fly out, F8 (Flyball, 8LM)
Top of the 13th over - 0 runs, 1 hit, 0 errors, 2 left on base; West Virginia 6 - Beaumont 6
BOTTOM OF THE 13TH
Beaumont Roughnecks batting - Pitching for West Virginia Power : RHP Albert Scott
Pitching: RHP Roberto Marino
Now at 2B: Nick Mackin
Batting: RHB Jeff Vickers 0-0: Foul Ball, location: 2F
0-1: Swinging Strike
0-2: Strikes out swinging
Batting: RHB Cole Boehmer 0-0: Ground out 5-3 (Groundball, 56S)
Batting: LHB Corey MacGregor 0-0: Ball
1-0: Called Strike
1-1: Called Strike
1-2: Ball
2-2: Ball
3-2: Base on Balls
Batting: SHB Miguel González 0-0: Ball
1-0: Called Strike
1-1: Ball
2-1: Swinging Strike
2-2: SINGLE (Line Drive, 8LS)
Corey MacGregor to second
Batting: RHB Jim MacAchounich 0-0: Foul Ball, location: 2F
0-1: Ball
1-1: Called Strike
1-2: SINGLE (Line Drive, 3D)
Corey MacGregor to third
Miguel González to second
Runner from 3rd tries for Home, SAFE, no throw
Saturday, April 7th, 2018 - OOTP Baseball 18.8 Build 76